 Dungeon Crawl Stone Soup version 0.30-a0-695-gbc80c1a (webtiles) character file.

Game seed: 153753226374277094

563 Dalia the Chopper (level 7, 0/61 HPs)
             Began as a Minotaur Berserker on Jan 20, 2023.
             Was a Believer of Trog.
             Killed from afar by Dowan (14 damage)
             ... with a shard of ice
             ... on level 4 of the Dungeon.
             The game lasted 00:42:11 (2868 turns).

Dalia the Chopper (Minotaur Berserker)              Turns: 2868, Time: 00:42:11

Health: 0/61       AC:  9    Str: 24    XL:     7   Next: 10%
Magic:  6/6        EV: 12    Int:  4    God:    Trog [**....]
Gold:   231        SH:  0    Dex:  9    Spells: 6/6 levels left

rFire   . . .      SeeInvis .    a - +0 hand axe
rCold   . . .      Faith    .    (no shield)
rNeg    . . .      Spirit   .    c - +0 ring mail
rPois   .          Reflect  .    (helmet restricted)
rElec   .          Harm     .    t - +0 cloak
rCorr   .          Rampage  .    r - +0 pair of gloves
Will    ++...                    f - +0 pair of boots Stlth
                                 (no amulet)
HPRegen 1.30/turn                (no ring)
MPRegen 0.10/turn                (no ring)

@: strong-willed, on berserk cooldown, regenerating, slowed, very slow
A: horns 2, retaliatory headbutt
a: Renounce Religion, Berserk, Trog's Hand


You were on level 4 of the Dungeon.
You worshipped Trog.
Trog was pleased with you.
You visited 1 branch of the dungeon, and saw 4 of its levels.

You collected 231 gold pieces.

Inventory:

Hand Weapons
 a - a +0 hand axe (weapon)
Missiles
 d - 5 javelins (quivered)
Armour
 c - a +0 ring mail (worn)
 f - a +0 pair of boots (worn)
 r - a +0 pair of gloves (worn)
 t - a +0 cloak (worn)
Scrolls
 g - 2 scrolls of enchant weapon
 j - a scroll of amnesia
 n - a scroll of identify
 q - 2 scrolls of fog
Potions
 b - a potion of might {unknown}
 e - 2 potions of attraction {unknown}
 h - a potion of resistance
 i - a potion of haste {unknown}
 k - a potion of ambrosia {unknown}
 l - 3 potions of lignification {unknown}
 m - 2 potions of cancellation {unknown}
 p - 3 potions of curing {unknown}


   Skills:
 + Level 5.4 Fighting
 * Level 6.7 Axes
 + Level 4.7 Armour
 + Level 4.2 Dodging


You had 6 spell levels left.
You didn't know any spells.
Your spell library contained the following spells:

 Spells                   Type           Power      Damage    Failure   Level
 Lesser Beckoning         Tloc           0%         N/A       78%         2
 Dazzling Flash           Conj/Hex       0%         N/A       95%         3
 Frozen Ramparts          Ice            0%         1d1       95%         3
 Gell's Gravitas          Tloc           0%         N/A       95%         3
 Teleport Other           Tloc           0%         N/A       95%         3
 Ice Form                 Ice/Tmut       0%         N/A       100%        4
 Summon Ice Beast         Ice/Summ       0%         N/A       100%        4
 Agony                    Necr           0%         N/A       100%        5
 Silence                  Hex/Air        0%         N/A       100%        5


Dungeon Overview and Level Annotations

Branches:
Dungeon (4/15)             Temple (0/1) D:4

Altars:
Kikubaaqudgha
Nemelex Xobeh
Sif Muna

Annotations:
D:4 Dowan


Innate Abilities, Weirdness & Mutations

You have a pair of horns on your head.
You reflexively headbutt those who attack you in melee.


Message History

You barely miss the ice beast.
The ice beast is severely wounded.
The ice beast barely misses you. You furiously retaliate!
You headbutt the ice beast. You barely miss the ice beast.
The ice beast is severely wounded.
The ice beast hits you. The ice beast freezes you! Dowan misses you.
You furiously retaliate!
You headbutt Dowan!
The ice beast hits you but does no damage.
Your skin crawls.
You feel strong-willed. Dowan hits you with a +0 dagger.
Dowan hits you but does no damage. The ice beast misses you.
You furiously retaliate!
You headbutt the ice beast.
Dowan mumbles some strange words.
Dowan blinks!
You hit the ice beast.
You kill the ice beast!
Trog accepts your kill.
Dowan mumbles some strange words.
Dowan blinks!
You have reached level 7!
Dowan hits you with a +0 dagger.
You hit Dowan but do no damage.
Dowan is moderately wounded.
Dowan hits you with a +0 dagger. Dowan hits you but does no damage.
Dowan points at you and mumbles some strange words.
The shard of ice hits you!
You slash Dowan!
Dowan is heavily wounded.
Dowan barely misses you. You furiously retaliate!
You headbutt Dowan!
Dowan points at you and mumbles some strange words.
The shard of ice hits you!!
* * * LOW HITPOINT WARNING * * *
You barely miss Dowan.
Dowan is almost dead.
Dowan hits you with a +0 dagger.
* * * LOW HITPOINT WARNING * * *
Dowan gestures at you while chanting. The shard of ice hits you!
You die...

#..#.##......# #....##..
#.#..#.##..§... #....##..
....!.......§§. ##'####..
####.#....Y..§.. #.######
#
+..........########.....#
#.........##.........##.#
...##$######.........##.#
.##.##.####........>..##.#
..
#.##.)).@e....########.##
.. #. ######...>.# #...
.........# ########
###....).# #.......
#......# #......# ##.....#
#....... #.....# #.......
####### #....... #####'#.


You could see Dowan (fast).

Vanquished Creatures
  Duvessa (D:4)
  An ice beast (D:4)
  2 ogres (D:4)
  A hound (D:4)
  3 adders
  3 gnolls (D:3)
  2 worms
  9 orcs
  8 ball pythons
  7 bats
  6 endoplasms
  4 giant cockroaches
  9 hobgoblins
  6 jackals
  3 kobolds
  5 quokkas
  3 frilled lizards
  6 goblins
  6 rats
  2 rat zombies (D:3)
87 creatures vanquished.

Vanquished Creatures (others)
  3 fungi (D:1)
  4 plants (D:1)
7 creatures vanquished.

Grand Total: 94 creatures vanquished

Notes
Turn   | Place    | Note
-------+----------+-------------------------------------------
     0 | D:1      | Dalia the Minotaur Berserker began the quest for the Orb.
     0 | D:1      | Reached XP level 1. HP: 19/19 MP: 0/0
   171 | D:1      | Reached XP level 2. HP: 27/27 MP: 1/1
   210 | D:1      | Found a faded altar of an unknown god.
   275 | D:1      | Reached skill level 4 in Axes
   312 | D:1      | You fall into a shaft and drop 1 floor!
   893 | D:2      | Reached XP level 3. HP: 33/33 MP: 2/2
  1132 | D:2      | Reached ** piety under Trog
  1742 | D:3      | Found an ancient bone altar of Kikubaaqudgha.
  1803 | D:3      | Reached XP level 4. HP: 40/40 MP: 3/3
  1954 | D:3      | Reached skill level 5 in Axes
  2053 | D:3      | Found a sparkling altar of Nemelex Xobeh.
  2174 | D:4      | Noticed an ogre
  2187 | D:4      | Killed an ogre
  2188 | D:4      | Reached XP level 5. HP: 47/47 MP: 4/4
  2441 | D:4      | Found a staircase to the Ecumenical Temple.
  2445 | D:4      | Noticed an ogre
  2455 | D:4      | Noticed Duvessa
  2457 | D:4      | Noticed an ice beast
  2460 | D:4      | Noticed Dowan
  2556 | D:4      | Found a shimmering blue altar of Sif Muna.
  2797 | D:4      | Reached XP level 6. HP: 51/55 MP: 5/5
  2843 | D:4      | Killed Duvessa
  2844 | D:4      | Reached skill level 5 in Fighting
  2844 | D:4      | Reached skill level 6 in Axes
  2863 | D:4      | Killed an ice beast
  2864 | D:4      | Reached XP level 7. HP: 43/61 MP: 6/6
  2868 | D:4      | Killed from afar by Dowan

Illustrated notes

Levels and vault maps discovered:
D:1:      dpeg_arrival_tiny_c, layout_basic,
          shapermc_ecumenical_altar_mp_ritualfount, minmay_shallow_snake_nest
D:2:      layout_basic, item_on_display_a
D:3:      layout_basic, mainiacjoe_overflow_alcove_4,
          lemuel_zombie_altar_kikubaaqudgha, dk_noncrumbling_4
D:4:      layout_basic, mainiacjoe_overflow_paths,
          minmay_temple_entry_purple_smoke, serial_park_tiny_1, uniq_duvessa

Skill      XL: |  1  2  3  4  5  6 |
---------------+-------------------+-----
Axes           | 4 5 6 |  6.7
Fighting       | 4 5 |  5.4
Armour         | 3 4 |  4.7
Dodging        | 3 4 |  4.2

Action                   |  1- 3 |  4- 6 |  7- 9 || total
-------------------------+-------+-------+-------++-------
Melee: Hand axe          |   107 |    92 |     3 ||   202
       Headbutt          |    17 |     9 |       ||    26
       Punch             |     1 |       |       ||     1
Invok: Berserk           |     3 |     5 |       ||     8
       Trog's Hand       |       |     3 |       ||     3
  Use: Scroll            |     8 |     2 |       ||    10
Armor: Ring mail         |    31 |    48 |     1 ||    80
Dodge: Dodged            |    59 |    54 |     1 ||   114

Table legend: (Time is in decaauts)
 A = Elapsed time spent in this place.
 B = Non-inter-level travel time spent in this place.
 C = Inter-level travel time spent in this place.
 D = Time resting spent in this place.
 E = Time spent auto-exploring this place.
 F = Levels seen in this place.
 G = Mean time per level.
                   A        B        C        D        E       F      G
               +--------+--------+--------+--------+--------+-----+--------+
         Total |   2943 |   2865 |     78 |    293 |   1273 |   4 |  735.8 |
       Dungeon |   2943 |   2865 |     78 |    293 |   1273 |   4 |  735.8 |
               +--------+--------+--------+--------+--------+-----+--------+

Top non-repeatable levels by time:
     D:1: 792 daAuts
     D:3: 741 daAuts
     D:2: 722 daAuts
     D:4: 686 daAuts
